Blues vs Canucks
(R1)
Created - April 13, 2022 at 19:07
Goals
|
| Blues |
2 |
1 |
1 |
4 |
| Canucks |
2 |
2 |
2 |
6 |
|
Shots
|
| Blues |
22 |
9 |
6 |
37 |
| Canucks |
7 |
8 |
12 |
27 |
|
1st period
1. Canucks , Derick Brassard 26 (Wayne Simmonds 11, Michael Kostka 22) at 2:41 (SH)
2. Blues , Riley Sheahan 24 (David Perron 24, Drew Shore 10) at 15:38
3. Canucks , Derick Brassard 27 (Jason Akeson 19, Drew Doughty 46) at 18:00 (PP)
4. Blues , Alex Pietrangelo 15 (Nicklas Backstrom 46, Tyler Johnson 41) at 19:19
Penalties :
Robert Nilsson (Van) for Hooking (Minor) at 0:59, Tyler Myers (Van) for Hooking (Minor) at 6:58, Filip Forsberg (Stl) for Hooking (Minor) at 12:54, Drew Doughty (Van) for Slashing (Minor) at 13:11, Filip Forsberg (Stl) for Hooking (Minor) at 17:25, Robert Nilsson (Van) for Roughing (Minor) at 19:43
2nd period
5. Canucks , Jason Akeson 9 (Derick Brassard 41, Drew Doughty 47) at 4:48 (PP)
6. Canucks , Michael Kostka 7 (Alex Goligoski 30) at 14:39
7. Blues , Filip Forsberg 23 (Tyler Johnson 42, Nicklas Backstrom 47) at 18:24
Penalties :
Anthony Mantha (Stl) for Roughing (Minor) at 4:14, Nick Palmieri (Van) for Holding (Minor) at 8:18
3rd period
8. Blues , David Perron 21 (Riley Sheahan 25, Alex Pietrangelo 61) at 2:51
9. Canucks , Alex Goligoski 11 (Nick Palmieri 22, Sam Gagner 41) at 15:38 (PP)
10. Canucks , Alex Goligoski 12 (Robert Nilsson 43, Michael Kostka 23) at 19:36 (Empty Net)
Penalties :
Derick Brassard (Van) for Hooking (Minor) at 0:30, Patrick Kaleta (Stl) for Hooking (Minor) at 7:22, Cody Ceci (Stl) for Holding (Minor) at 14:41, Nick Palmieri (Van) for Holding (Minor) at 16:06
Goalie Stats
Carey Price (Stl), 7 saves from 11 shots - (0.636), 34:39 minutes
Joonas Korpisalo (Stl), 14 saves from 15 shots - (0.933), L, 5-4-1, 25:11 minutes
Jonathan Quick (Van), 33 saves from 37 shots - (0.892), W, 20-21-4, 60:00 minutes
Players Stats for Blues
Player Name G A P +/- PIM S H SB GA TA FO MP PP MP PK MP
------------------------------------------------------------------------------------
Alex Pietrangelo 1 1 2 3 0 6 1 1 1 1 0/0 27:46 8:14 0:57
Anthony Mantha 0 0 0 -1 2 0 1 0 0 0 2/2 13:51 0:57 0:00
Auston Matthews 0 0 0 -1 0 0 2 0 0 2 1/3 12:48 0:17 0:00
Brandon Montour 0 0 0 0 0 0 0 0 0 0 0/0 16:57 4:34 0:00
Cody Ceci 0 0 0 -2 2 0 2 0 0 2 0/0 16:24 0:17 2:19
David Perron 1 1 2 1 0 3 1 0 2 0 0/0 15:12 5:48 0:28
Devin Shore 0 0 0 0 0 1 3 0 0 1 1/5 13:24 5:02 0:09
Drew Shore 0 1 1 1 0 0 3 0 0 0 6/14 12:22 0:08 3:20
Filip Forsberg 1 0 1 1 4 6 0 0 0 1 1/2 19:32 6:22 0:00
Jacob Slavin 0 0 0 0 0 2 0 2 2 1 0/0 20:59 7:20 1:06
Ladislav Smid 0 0 0 0 0 1 0 1 0 0 0/0 13:11 0:00 1:06
Matt Martin 0 0 0 -1 0 2 2 0 1 0 0/1 11:18 0:01 0:00
Nicklas Backstrom 0 2 2 1 0 6 1 0 2 0 20/35 19:58 6:05 0:00
Patrick Kaleta 0 0 0 0 2 2 1 0 0 0 0/0 8:28 0:00 0:08
Riley Sheahan 1 1 2 1 0 3 2 0 0 0 0/0 15:10 5:48 0:43
Ryan Murray 0 0 0 1 0 2 0 0 0 2 0/0 24:42 3:57 3:16
Samuel Morin 0 0 0 0 0 1 0 1 0 0 0/1 9:24 0:00 0:43
Tyler Johnson 0 2 2 1 0 2 1 0 1 2 3/5 22:25 6:05 3:13
Players Stats for Canucks
Player Name G A P +/- PIM S H SB GA TA FO MP PP MP PK MP
------------------------------------------------------------------------------------
Alex Goligoski 2 1 3 0 0 3 1 3 1 1 0/0 22:37 3:11 4:21
Cody Eakin 0 0 0 0 0 0 0 0 0 1 1/2 7:37 0:00 0:36
Derick Brassard 2 1 3 0 2 6 1 0 1 0 4/9 17:56 1:34 2:53
Drew Doughty 0 2 2 -1 2 2 1 3 5 0 0/0 29:12 3:10 7:27
Fabian Brunnstrom 0 0 0 1 0 0 0 0 0 0 0/0 7:08 0:00 1:07
Jamie Benn 0 0 0 0 0 3 3 0 0 2 0/0 13:39 1:34 0:16
Jason Akeson 1 1 2 -1 0 3 1 1 0 0 4/9 14:15 1:34 4:19
Maxim Talbot 0 0 0 1 0 3 0 0 0 0 1/2 7:59 0:08 0:17
Michael Kostka 1 2 3 0 0 1 0 1 0 0 0/0 20:51 0:00 4:25
Mike Lundin 0 0 0 0 0 1 1 0 0 0 0/0 10:17 1:11 0:57
Nick Palmieri 0 1 1 -2 4 0 4 2 2 1 1/2 18:00 2:40 0:00
Paul Stastny 0 0 0 0 0 1 0 0 0 0 2/2 8:29 0:08 0:00
Peter Prucha 0 0 0 1 0 0 0 0 0 0 1/1 6:12 0:08 0:00
Robert Nilsson 0 1 1 -2 4 0 2 0 0 1 19/38 23:34 2:40 4:23
Sam Gagner 0 1 1 -2 0 4 2 3 1 0 1/2 24:44 2:40 6:56
Tomas Kundratek 0 0 0 0 0 0 1 0 0 0 0/0 10:05 0:00 0:55
Tyler Myers 0 0 0 -1 2 0 1 5 1 3 0/0 27:20 1:11 6:17
Wayne Simmonds 0 1 1 0 0 0 1 1 1 0 0/1 16:05 0:00 3:35
3 Stars
1 - Alex Goligoski (Van)
2 - Derick Brassard (Van)
3 - Michael Kostka (Van)
Power Play
Blues - 0 on 7 Attempt(s) - 0.00%
Canucks - 3 on 5 Attempt(s) - 60.00%
Penalty Kill
Blues - 2 on 5 Attempt(s) - 40.00%
- Score 0 goal in Penalty Kill
Canucks - 7 on 7 Attempt(s) - 100.00%
- Score 1 goal in Penalty Kill
Team Stat
Blues - Hits : 20 - Faceoff Wins : 34 - Blocked Shots : 5 - Penalty Minutes : 10
Canucks - Hits : 19 - Faceoff Wins : 34 - Blocked Shots : 19 - Penalty Minutes : 14
Official
Referees : Kendrick Nicholson and Furman South
Linesman : Travis Toomey and Trent Knorr
Game Notes
Joonas Korpisalo enters game at 14:39 of 2nd period
Alex Goligoski has scored in a empty net!
Finance
Level 1 -- Attendance: 5738 (95.63%) -- Ticket Income $573,800
Level 2 -- Attendance: 4934 (98.68%) -- Ticket Income $296,040
Level 3 -- Attendance: 2000 (100.00%) -- Ticket Income $70,000
Level 4 -- Attendance: 3746 (93.65%) -- Ticket Income $93,650
Luxury Box -- Attendance: 988 (98.80%) -- Ticket Income $197,600
Game was played at the Rodgers Arena.
Total Attendance: 17406 (96.70%)
Total Ticket Income: $1,231,090
Other Income: $184,664
Total Income: $1,415,754
Blues
5 vs 5 Forward
Center Left Wing Right Wing Time % Phy DF OF
1 Nicklas Backstrom Filip Forsberg Tyler Johnson 40 1 2 2
2 Drew Shore David Perron Riley Sheahan 30 1 2 2
3 Auston Matthews Matt Martin Anthony Mantha 20 1 2 2
4 Devin Shore Samuel Morin Patrick Kaleta 10 1 2 2
5 vs 5 Defense
Defense Defense Time % Phy DF OF
1 Alex Pietrangelo Ryan Murray 40 1 2 2
2 Jacob Slavin Cody Ceci 30 1 2 2
3 Brandon Montour Ladislav Smid 20 1 2 2
4 Ryan Murray Alex Pietrangelo 10 1 2 2
PowerPlay Forward
Center Left Wing Right Wing Time % Phy DF OF
1 Nicklas Backstrom Filip Forsberg Tyler Johnson 60 1 2 2
2 Devin Shore David Perron Riley Sheahan 40 1 2 2
PowerPlay Defense
Defense Defense Time % Phy DF OF
1 Alex Pietrangelo Jacob Slavin 60 1 2 2
2 Brandon Montour Ryan Murray 40 1 2 2
Penalty Kill 4 Players Forward
Center Wing Time % Phy DF OF
1 Drew Shore Tyler Johnson 60 1 2 2
2 Riley Sheahan Patrick Kaleta 40 1 2 2
Penalty Kill 4 Players Defense
Defense Defense Time % Phy DF OF
1 Cody Ceci Ryan Murray 60 1 2 2
2 Ladislav Smid Jacob Slavin 40 1 2 2
Penalty Kill - 3 Players Forward
Forward Time % Phy DF OF
1 Riley Sheahan 60 1 2 2
2 Drew Shore 40 1 2 2
Penalty Kill - 3 Players Defense
Defense Defense Time % Phy DF OF
1 Cody Ceci Ladislav Smid 60 1 2 2
2 Ryan Murray Jacob Slavin 40 1 2 2
4 vs 4 Forward
Center Wing Time % Phy DF OF
1 Nicklas Backstrom Filip Forsberg 60 1 2 2
2 Drew Shore Tyler Johnson 40 1 2 2
4 vs 4 Defense
Defense Defense Time % Phy DF OF
1 Alex Pietrangelo Cody Ceci 60 1 2 2
2 Brandon Montour Ryan Murray 40 1 2 2
Last Minutes Offensive
Center Left Wing Right Wing Defense Defense
Nicklas Backstrom Filip Forsberg Tyler Johnson Alex Pietrangelo Jacob Slavin
Last Minutes Defensive
Center Left Wing Right Wing Defense Defense
Drew Shore David Perron Tyler Johnson Cody Ceci Ladislav Smid
Goaltenders
Starting : Carey Price
Backup : Joonas Korpisalo
Extra Forwards
Normal : Anthony Mantha, Auston Matthews, Samuel Morin - PP : Anthony Mantha, Devin Shore - PK : Samuel Morin
Extra Defensemen
Normal : Jacob Slavin, Brandon Montour, Ladislav Smid - PP : Brandon Montour - PK : Alex Pietrangelo, Brandon Montour
Penalty Shots
David Perron, Auston Matthews, Devin Shore, Filip Forsberg, Tyler Johnson
Scratches
Linus Omark (Healthy), Martin Marincin (Healthy), Peter Regin (Healthy)
Canucks
5 vs 5 Forward
Center Left Wing Right Wing Time % Phy DF OF
1 Robert Nilsson Sam Gagner Nick Palmieri 55 1 2 2
2 Derick Brassard Jamie Benn Wayne Simmonds 30 1 2 2
3 Cody Eakin Paul Stastny Jason Akeson 10 1 2 2
4 Maxim Talbot Fabian Brunnstrom Peter Prucha 5 1 2 2
5 vs 5 Defense
Defense Defense Time % Phy DF OF
1 Drew Doughty Tyler Myers 55 1 2 2
2 Alex Goligoski Michael Kostka 30 1 2 2
3 Mike Lundin Tomas Kundratek 10 1 2 2
4 Drew Doughty Tyler Myers 5 1 2 2
PowerPlay Forward
Center Left Wing Right Wing Time % Phy DF OF
1 Robert Nilsson Sam Gagner Nick Palmieri 76 0 0 5
2 Derick Brassard Jamie Benn Jason Akeson 24 0 0 5
PowerPlay Defense
Defense Defense Time % Phy DF OF
1 Drew Doughty Alex Goligoski 70 1 2 2
2 Tyler Myers Mike Lundin 30 1 2 2
Penalty Kill 4 Players Forward
Center Wing Time % Phy DF OF
1 Robert Nilsson Sam Gagner 60 1 2 2
2 Derick Brassard Wayne Simmonds 40 1 2 2
Penalty Kill 4 Players Defense
Defense Defense Time % Phy DF OF
1 Drew Doughty Tyler Myers 60 1 2 2
2 Michael Kostka Alex Goligoski 40 1 2 2
Penalty Kill - 3 Players Forward
Forward Time % Phy DF OF
1 Robert Nilsson 60 1 2 2
2 Derick Brassard 40 1 2 2
Penalty Kill - 3 Players Defense
Defense Defense Time % Phy DF OF
1 Drew Doughty Tyler Myers 60 1 2 2
2 Alex Goligoski Mike Lundin 40 1 2 2
4 vs 4 Forward
Center Wing Time % Phy DF OF
1 Robert Nilsson Derick Brassard 70 1 2 2
2 Jamie Benn Sam Gagner 30 1 2 2
4 vs 4 Defense
Defense Defense Time % Phy DF OF
1 Drew Doughty Tyler Myers 60 1 2 2
2 Alex Goligoski Michael Kostka 40 1 2 2
Last Minutes Offensive
Center Left Wing Right Wing Defense Defense
Robert Nilsson Sam Gagner Nick Palmieri Drew Doughty Tyler Myers
Last Minutes Defensive
Center Left Wing Right Wing Defense Defense
Robert Nilsson Sam Gagner Nick Palmieri Drew Doughty Alex Goligoski
Goaltenders
Starting : Jonathan Quick
Backup : Pekka Rinne
Extra Forwards
Normal : Paul Stastny, Maxim Talbot, Jason Akeson - PP : Paul Stastny, Maxim Talbot - PK : Jason Akeson
Extra Defensemen
Normal : Michael Kostka, Tomas Kundratek, Tyler Myers - PP : Michael Kostka - PK : Tomas Kundratek, Tyler Myers
Penalty Shots
Robert Nilsson, Derick Brassard, Nick Palmieri, Sam Gagner, Jamie Benn
Scratches
Alexander Steen (Healthy)
% Time on Ice - Blues
Lines # - Real PCT - Wanted PCT - Time Play
Normal Forward
1 - 32% - 40% - 13:14
2 - 21% - 30% - 8:44
3 - 27% - 20% - 11:03
4 - 19% - 10% - 7:52
Normal Defense
1 - 41% - 40% - 16:48
2 - 33% - 30% - 13:18
3 - 24% - 20% - 9:44
4 - 3% - 10% - 1:03
PP Forward
1 - 52% - 60% - 6:23
2 - 48% - 40% - 5:48
PP Defense
1 - 68% - 60% - 8:14
2 - 32% - 40% - 3:57
PK Forward
1 - 84% - 60% - 3:39
2 - 16% - 40% - 0:43
PK Defense
1 - 75% - 60% - 3:16
2 - 25% - 40% - 1:06
PK3 Forward
1 - 0% - 60%
2 - 0% - 40%
PK3 Defense
1 - 0% - 60%
2 - 0% - 40%
44 Forward
1 - 100% - 60% - 1:42
2 - 0% - 40% - 0:00
44 Defense
1 - 64% - 60% - 1:05
2 - 36% - 40% - 0:37
Last Minute Offensive - 0:52
Last Minute Defensive - 0:00
Total
Forward - 60:00
Defense - 60:00
|
% Time on Ice - Canucks
Lines # - Real PCT - Wanted PCT - Time Play
Normal Forward
1 - 38% - 55% - 15:27
2 - 31% - 30% - 12:36
3 - 17% - 10% - 7:01
4 - 14% - 5% - 5:50
Normal Defense
1 - 46% - 55% - 18:57
2 - 34% - 30% - 14:04
3 - 19% - 10% - 7:53
4 - 0% - 5% - 0:00
PP Forward
1 - 64% - 76% - 2:48
2 - 36% - 24% - 1:34
PP Defense
1 - 73% - 70% - 3:11
2 - 27% - 30% - 1:11
PK Forward
1 - 71% - 60% - 8:36
2 - 29% - 40% - 3:35
PK Defense
1 - 67% - 60% - 8:09
2 - 33% - 40% - 4:02
PK3 Forward
1 - 0% - 60%
2 - 0% - 40%
PK3 Defense
1 - 0% - 60%
2 - 0% - 40%
44 Forward
1 - 100% - 70% - 1:42
2 - 0% - 30% - 0:00
44 Defense
1 - 76% - 60% - 1:18
2 - 24% - 40% - 0:24
Last Minute Offensive - 0:00
Last Minute Defensive - 0:51
Total
Forward - 60:00
Defense - 60:00
|
Play-by-Play
1st period
0:01 of 1st period - Nicklas Backstrom wins face-off versus Robert Nilsson in neutral zone.
0:04 of 1st period - Wrist shot by Tyler Johnson.
0:04 of 1st period - Shot Blocked by Nick Palmieri.
0:06 of 1st period - Snap shot by Ryan Murray.
0:06 of 1st period - Shot Blocked by Tyler Myers.
0:16 of 1st period - Snap shot by Sam Gagner.
0:16 of 1st period - Stopped by Carey Price without a rebound.
0:17 of 1st period - Derick Brassard wins face-off versus Drew Shore in Blues zone.
0:20 of 1st period - Snap shot by Jamie Benn.
0:20 of 1st period - Stopped by Carey Price without a rebound.
0:21 of 1st period - Derick Brassard wins face-off versus Drew Shore in Blues zone.
0:59 of 1st period - Minor Penalty to Robert Nilsson for Hooking.
1:00 of 1st period - Nicklas Backstrom wins face-off versus Jason Akeson in Canucks zone.
1:10 of 1st period - Snap shot by Filip Forsberg.
1:10 of 1st period - Stopped by Jonathan Quick without a rebound.
1:11 of 1st period - Nicklas Backstrom wins face-off versus Jason Akeson in Canucks zone.
1:18 of 1st period - Wrist shot by Tyler Johnson.
1:18 of 1st period - Stopped by Jonathan Quick without a rebound.
1:19 of 1st period - Nicklas Backstrom wins face-off versus Jason Akeson in Canucks zone.
1:31 of 1st period - Icing by Tyler Johnson.
1:32 of 1st period - Nicklas Backstrom wins face-off versus Derick Brassard in Blues zone.
1:47 of 1st period - Slapshot by Alex Pietrangelo.
1:47 of 1st period - Stopped by Jonathan Quick without a rebound.
1:48 of 1st period - Jason Akeson wins face-off versus Devin Shore in Canucks zone.
1:57 of 1st period - Snap shot by Riley Sheahan.
1:57 of 1st period - Stopped by Jonathan Quick without a rebound.
1:58 of 1st period - Jason Akeson wins face-off versus Devin Shore in Canucks zone.
2:25 of 1st period - Slapshot by David Perron.
2:25 of 1st period - Shot Misses the Net.
2:41 of 1st period - Snap shot by Derick Brassard.
2:41 of 1st period - Goal by Derick Brassard - Blues : 0 - Canucks : 1.
2:42 of 1st period - Nicklas Backstrom wins face-off versus Jason Akeson in neutral zone.
2:57 of 1st period - Slapshot by Nicklas Backstrom.
2:57 of 1st period - Shot Blocked by Tyler Myers.
2:59 of 1st period - Penalty to Robert Nilsson is over, Robert Nilsson is back on ice.
2:59 of 1st period - Snap shot by Filip Forsberg.
2:59 of 1st period - Stopped by Jonathan Quick with a rebound.
3:13 of 1st period - Snap shot by Derick Brassard.
3:13 of 1st period - Deflect By Wayne Simmonds.
3:13 of 1st period - Shot Misses the Net.
3:13 of 1st period - Puck is out of play.
3:14 of 1st period - Derick Brassard wins face-off versus Nicklas Backstrom in Blues zone.
3:29 of 1st period - Ladislav Smid is hit by Mike Lundin and loses puck.
3:38 of 1st period - Tomas Kundratek is hit by Tyler Johnson and loses puck.
3:59 of 1st period - Slapshot by Nicklas Backstrom.
3:59 of 1st period - Stopped by Jonathan Quick with a rebound.
4:05 of 1st period - Snap shot by Nicklas Backstrom.
4:05 of 1st period - Stopped by Jonathan Quick with a rebound.
4:07 of 1st period - Slapshot by Ladislav Smid.
4:07 of 1st period - Stopped by Jonathan Quick without a rebound.
4:08 of 1st period - Robert Nilsson wins face-off versus Drew Shore in Canucks zone.
4:20 of 1st period - Sam Gagner is hit by David Perron and loses puck.
4:25 of 1st period - Wrist shot by David Perron.
4:25 of 1st period - Shot Blocked by Tyler Myers.
4:42 of 1st period - Snap shot by Auston Matthews.
4:42 of 1st period - Shot Blocked by Tyler Myers.
4:44 of 1st period - Backhand shot by Cody Ceci.
4:44 of 1st period - Shot Misses the Net.
4:53 of 1st period - Off-side.
4:54 of 1st period - Maxim Talbot wins face-off versus Devin Shore in neutral zone.
5:11 of 1st period - Wrist shot by Maxim Talbot.
5:11 of 1st period - Stopped by Carey Price with a rebound.
5:21 of 1st period - Alex Goligoski is hit by Alex Pietrangelo and loses puck.
5:38 of 1st period - Slapshot by Jacob Slavin.
5:38 of 1st period - Shot Blocked by Michael Kostka.
5:40 of 1st period - Slapshot by Cody Ceci.
5:40 of 1st period - Shot Misses the Net.
5:47 of 1st period - Slapshot by Jacob Slavin.
5:47 of 1st period - Shot Blocked by Alex Goligoski.
5:49 of 1st period - Snap shot by Samuel Morin.
5:49 of 1st period - Shot Misses the Net.
6:11 of 1st period - Wrist shot by Patrick Kaleta.
6:11 of 1st period - Shot Blocked by Alex Goligoski.
6:25 of 1st period - Snap shot by Patrick Kaleta.
6:25 of 1st period - Stopped by Jonathan Quick with a rebound.
6:27 of 1st period - Snap shot by Patrick Kaleta.
6:27 of 1st period - Stopped by Jonathan Quick with a rebound.
6:55 of 1st period - Wrist shot by Devin Shore.
6:55 of 1st period - Stopped by Jonathan Quick without a rebound.
6:56 of 1st period - Robert Nilsson wins face-off versus Filip Forsberg in Canucks zone.
6:58 of 1st period - Minor Penalty to Tyler Myers for Hooking.
6:59 of 1st period - Nicklas Backstrom wins face-off versus Robert Nilsson in Canucks zone.
7:09 of 1st period - Wrist shot by Nicklas Backstrom.
7:09 of 1st period - Shot Blocked by Drew Doughty.
7:11 of 1st period - Backhand shot by Alex Pietrangelo.
7:11 of 1st period - Stopped by Jonathan Quick with a rebound.
7:13 of 1st period - Slapshot by Alex Pietrangelo.
7:13 of 1st period - Deflect By Drew Doughty.
7:13 of 1st period - Stopped by Jonathan Quick with a rebound.
7:15 of 1st period - Wrist shot by Alex Pietrangelo.
7:15 of 1st period - Shot Blocked by Sam Gagner.
8:58 of 1st period - Penalty to Tyler Myers is over, Tyler Myers is back on ice.
9:18 of 1st period - Cody Ceci is hit by Wayne Simmonds and loses puck.
9:37 of 1st period - Snap shot by Paul Stastny.
9:37 of 1st period - Shot Misses the Net.
9:55 of 1st period - Ladislav Smid is hit by Tomas Kundratek.
11:07 of 1st period - Robert Nilsson is hit by Matt Martin and loses puck.
11:24 of 1st period - Alex Pietrangelo is hit by Derick Brassard and loses puck.
11:55 of 1st period - Snap shot by Maxim Talbot.
11:55 of 1st period - Stopped by Carey Price with a rebound.
11:57 of 1st period - Slapshot by Tyler Myers.
11:57 of 1st period - Shot Blocked by Samuel Morin.
12:48 of 1st period - Snap shot by Maxim Talbot.
12:48 of 1st period - Shot Blocked by Jacob Slavin.
12:54 of 1st period - Minor Penalty to Filip Forsberg for Hooking.
12:55 of 1st period - Drew Shore wins face-off versus Robert Nilsson in Blues zone.
13:11 of 1st period - Minor Penalty to Drew Doughty for Slashing.
13:12 of 1st period - Nicklas Backstrom wins face-off versus Derick Brassard in Canucks zone.
13:25 of 1st period - Off-side.
13:26 of 1st period - Anthony Mantha wins face-off versus Robert Nilsson in neutral zone.
13:31 of 1st period - Snap shot by Nicklas Backstrom.
13:31 of 1st period - Stopped by Jonathan Quick with a rebound.
13:53 of 1st period - Michael Kostka is hit by Cody Ceci and loses puck.
14:42 of 1st period - Off-side.
14:43 of 1st period - Anthony Mantha wins face-off versus Maxim Talbot in neutral zone.
14:54 of 1st period - Penalty to Filip Forsberg is over, Filip Forsberg is back on ice.
15:11 of 1st period - Penalty to Drew Doughty is over, Drew Doughty is back on ice.
15:32 of 1st period - Backhand shot by Filip Forsberg.
15:32 of 1st period - Stopped by Jonathan Quick without a rebound.
15:33 of 1st period - Drew Shore wins face-off versus Robert Nilsson in Canucks zone.
15:36 of 1st period - Slapshot by David Perron.
15:36 of 1st period - Stopped by Jonathan Quick with a rebound.
15:38 of 1st period - Slapshot by Riley Sheahan.
15:38 of 1st period - Goal by Riley Sheahan - Blues : 1 - Canucks : 1.
15:39 of 1st period - Robert Nilsson wins face-off versus Nicklas Backstrom in neutral zone.
15:43 of 1st period - Off-side.
15:44 of 1st period - Nick Palmieri wins face-off versus Nicklas Backstrom in neutral zone.
15:44 of 1st period - Nick Palmieri is hit by Nicklas Backstrom.
16:19 of 1st period - Slapshot by Drew Shore.
16:19 of 1st period - Shot Blocked by Wayne Simmonds.
16:21 of 1st period - Wrist shot by David Perron.
16:21 of 1st period - Stopped by Jonathan Quick with a rebound.
16:34 of 1st period - Off-side.
16:35 of 1st period - Paul Stastny wins face-off versus Auston Matthews in neutral zone.
16:37 of 1st period - Michael Kostka is hit by Cody Ceci and loses puck.
17:14 of 1st period - Slapshot by Jason Akeson.
17:14 of 1st period - Stopped by Carey Price without a rebound.
17:15 of 1st period - Robert Nilsson wins face-off versus Nicklas Backstrom in Blues zone.
17:25 of 1st period - Minor Penalty to Filip Forsberg for Hooking.
17:26 of 1st period - Robert Nilsson wins face-off versus Drew Shore in Blues zone.
18:00 of 1st period - Wrist shot by Derick Brassard.
18:00 of 1st period - Goal by Derick Brassard - Blues : 1 - Canucks : 2.
18:01 of 1st period - Nicklas Backstrom wins face-off versus Robert Nilsson in neutral zone.
18:01 of 1st period - Nicklas Backstrom is hit by Tyler Myers.
18:27 of 1st period - Jamie Benn is hit by Riley Sheahan and loses puck.
18:32 of 1st period - Snap shot by Riley Sheahan.
18:32 of 1st period - Stopped by Jonathan Quick with a rebound.
18:34 of 1st period - Slapshot by Jacob Slavin.
18:34 of 1st period - Shot Blocked by Drew Doughty.
19:07 of 1st period - Wrist shot by Filip Forsberg.
19:07 of 1st period - Stopped by Jonathan Quick without a rebound.
19:08 of 1st period - Tyler Johnson wins face-off versus Robert Nilsson in Canucks zone.
19:13 of 1st period - Wrist shot by Tyler Johnson.
19:13 of 1st period - Stopped by Jonathan Quick without a rebound.
19:14 of 1st period - Filip Forsberg wins face-off versus Robert Nilsson in Canucks zone.
19:19 of 1st period - Slapshot by Alex Pietrangelo.
19:19 of 1st period - Goal by Alex Pietrangelo - Blues : 2 - Canucks : 2.
19:20 of 1st period - Nicklas Backstrom wins face-off versus Robert Nilsson in neutral zone.
19:43 of 1st period - Minor Penalty to Robert Nilsson for Roughing.
19:44 of 1st period - Jason Akeson wins face-off versus Nicklas Backstrom in Canucks zone.
Goals for this period are 2 for Blues vs 2 for Canucks.
Shots for this period are 22 for Blues vs 7 for Canucks.
2nd period
0:01 of 2nd period - Jason Akeson wins face-off versus Nicklas Backstrom in neutral zone.
0:12 of 2nd period - Slapshot by Jacob Slavin.
0:12 of 2nd period - Stopped by Jonathan Quick without a rebound.
0:13 of 2nd period - Nicklas Backstrom wins face-off versus Jason Akeson in Canucks zone.
1:43 of 2nd period - Penalty to Robert Nilsson is over, Robert Nilsson is back on ice.
2:00 of 2nd period - Mike Lundin is hit by Matt Martin and loses puck.
2:41 of 2nd period - Cody Eakin is hit by Riley Sheahan and loses puck.
2:53 of 2nd period - Cody Eakin is hit by Drew Shore and loses puck.
3:02 of 2nd period - Riley Sheahan is hit by Jason Akeson and loses puck.
3:11 of 2nd period - Snap shot by Jason Akeson.
3:11 of 2nd period - Stopped by Carey Price without a rebound.
3:12 of 2nd period - Nicklas Backstrom wins face-off versus Robert Nilsson in Blues zone.
3:23 of 2nd period - Wrist shot by Nicklas Backstrom.
3:23 of 2nd period - Shot Blocked by Nick Palmieri.
3:25 of 2nd period - Wrist shot by Filip Forsberg.
3:25 of 2nd period - Stopped by Jonathan Quick without a rebound.
3:26 of 2nd period - Robert Nilsson wins face-off versus Tyler Johnson in Canucks zone.
3:53 of 2nd period - Drew Doughty is hit by Anthony Mantha and loses puck.
4:14 of 2nd period - Minor Penalty to Anthony Mantha for Roughing.
4:15 of 2nd period - Robert Nilsson wins face-off versus Drew Shore in Blues zone.
4:48 of 2nd period - Snap shot by Jason Akeson.
4:48 of 2nd period - Goal by Jason Akeson - Blues : 2 - Canucks : 3.
4:49 of 2nd period - Robert Nilsson wins face-off versus Nicklas Backstrom in neutral zone.
5:05 of 2nd period - Snap shot by Robert Nilsson.
5:05 of 2nd period - Shot Hit the Post.
5:43 of 2nd period - Wrist shot by Matt Martin.
5:43 of 2nd period - Stopped by Jonathan Quick with a rebound.
5:45 of 2nd period - Slapshot by Jacob Slavin.
5:45 of 2nd period - Stopped by Jonathan Quick without a rebound.
5:46 of 2nd period - Auston Matthews wins face-off versus Cody Eakin in Canucks zone.
5:59 of 2nd period - Matt Martin is hit by Alex Goligoski and loses puck.
6:38 of 2nd period - Icing by Cody Ceci.
6:39 of 2nd period - Sam Gagner wins face-off versus Auston Matthews in Blues zone.
7:34 of 2nd period - Wrist shot by Maxim Talbot.
7:34 of 2nd period - Shot Misses the Net.
7:52 of 2nd period - Wrist shot by Sam Gagner.
7:52 of 2nd period - Stopped by Carey Price without a rebound.
7:53 of 2nd period - Drew Shore wins face-off versus Robert Nilsson in Blues zone.
7:53 of 2nd period - Drew Shore is hit by Sam Gagner.
7:58 of 2nd period - David Perron is hit by Nick Palmieri and loses puck.
8:18 of 2nd period - Minor Penalty to Nick Palmieri for Holding.
8:19 of 2nd period - Robert Nilsson wins face-off versus Nicklas Backstrom in Canucks zone.
10:18 of 2nd period - Penalty to Nick Palmieri is over, Nick Palmieri is back on ice.
11:17 of 2nd period - Off-side.
11:18 of 2nd period - Robert Nilsson wins face-off versus Devin Shore in neutral zone.
11:23 of 2nd period - Wrist shot by Nick Palmieri.
11:23 of 2nd period - Shot Blocked by Alex Pietrangelo.
11:34 of 2nd period - Ryan Murray is hit by Drew Doughty and loses puck.
11:41 of 2nd period - Drew Doughty is hit by Devin Shore and loses puck.
12:00 of 2nd period - Snap shot by Samuel Morin.
12:00 of 2nd period - Shot Blocked by Sam Gagner.
12:02 of 2nd period - Wrist shot by Samuel Morin.
12:02 of 2nd period - Stopped by Jonathan Quick with a rebound.
12:04 of 2nd period - Snap shot by Devin Shore.
12:04 of 2nd period - Shot Blocked by Drew Doughty.
12:06 of 2nd period - Slapshot by Samuel Morin.
12:06 of 2nd period - Shot Misses the Net.
12:08 of 2nd period - Wrist shot by Samuel Morin.
12:08 of 2nd period - Shot Blocked by Tyler Myers.
12:41 of 2nd period - Sam Gagner is hit by Devin Shore and loses puck.
13:08 of 2nd period - Robert Nilsson is hit by Patrick Kaleta and loses puck.
13:44 of 2nd period - Snap shot by Alex Pietrangelo.
13:44 of 2nd period - Stopped by Jonathan Quick without a rebound.
13:45 of 2nd period - Nicklas Backstrom wins face-off versus Derick Brassard in Canucks zone.
13:48 of 2nd period - Slapshot by Tyler Johnson.
13:48 of 2nd period - Shot Misses the Net.
13:54 of 2nd period - Brandon Montour is hit by Jamie Benn and loses puck.
14:39 of 2nd period - Slapshot by Michael Kostka.
14:39 of 2nd period - Goal by Michael Kostka - Blues : 2 - Canucks : 4.
14:39 of 2nd period - Joonas Korpisalo enters game.
14:40 of 2nd period - Nicklas Backstrom wins face-off versus Derick Brassard in neutral zone.
15:47 of 2nd period - Matt Martin is hit by Jamie Benn and loses puck.
16:02 of 2nd period - Snap shot by Derick Brassard.
16:02 of 2nd period - Stopped by Joonas Korpisalo with a rebound.
16:08 of 2nd period - Snap shot by Derick Brassard.
16:08 of 2nd period - Shot Blocked by Ladislav Smid.
16:18 of 2nd period - Wayne Simmonds is hit by Auston Matthews and loses puck.
16:49 of 2nd period - Snap shot by Derick Brassard.
16:49 of 2nd period - Stopped by Joonas Korpisalo with a rebound.
17:05 of 2nd period - Snap shot by Wayne Simmonds.
17:05 of 2nd period - Deflect By Derick Brassard.
17:05 of 2nd period - Stopped by Joonas Korpisalo with a rebound.
17:22 of 2nd period - Off-side.
17:23 of 2nd period - Robert Nilsson wins face-off versus Nicklas Backstrom in neutral zone.
17:32 of 2nd period - Slapshot by Ryan Murray.
17:32 of 2nd period - Stopped by Jonathan Quick without a rebound.
17:33 of 2nd period - Robert Nilsson wins face-off versus Nicklas Backstrom in Canucks zone.
18:24 of 2nd period - Wrist shot by Filip Forsberg.
18:24 of 2nd period - Goal by Filip Forsberg - Blues : 3 - Canucks : 4.
18:25 of 2nd period - Cody Eakin wins face-off versus Drew Shore in neutral zone.
18:39 of 2nd period - Wrist shot by David Perron.
18:39 of 2nd period - Shot Blocked by Jason Akeson.
18:41 of 2nd period - Slapshot by Jacob Slavin.
18:41 of 2nd period - Deflect By David Perron.
18:41 of 2nd period - Shot Blocked by Alex Goligoski.
18:41 of 2nd period - Puck is out of play.
18:42 of 2nd period - Tyler Johnson wins face-off versus Robert Nilsson in Canucks zone.
18:55 of 2nd period - Wrist shot by Nicklas Backstrom.
18:55 of 2nd period - Stopped by Jonathan Quick with a rebound.
19:13 of 2nd period - Slapshot by Drew Doughty.
19:13 of 2nd period - Stopped by Joonas Korpisalo with a rebound.
19:35 of 2nd period - Slapshot by Maxim Talbot.
19:35 of 2nd period - Shot Misses the Net.
19:51 of 2nd period - Tyler Johnson is hit by Nick Palmieri and loses puck.
Goals for this period are 1 for Blues vs 2 for Canucks.
Shots for this period are 9 for Blues vs 8 for Canucks.
3rd period
0:01 of 3rd period - Nicklas Backstrom wins face-off versus Robert Nilsson in neutral zone.
0:04 of 3rd period - Snap shot by Alex Pietrangelo.
0:04 of 3rd period - Stopped by Jonathan Quick with a rebound.
0:06 of 3rd period - Slapshot by Nicklas Backstrom.
0:06 of 3rd period - Stopped by Jonathan Quick with a rebound.
0:30 of 3rd period - Minor Penalty to Derick Brassard for Hooking.
0:31 of 3rd period - Robert Nilsson wins face-off versus Nicklas Backstrom in Canucks zone.
1:06 of 3rd period - Icing by Devin Shore.
1:07 of 3rd period - Devin Shore wins face-off versus Wayne Simmonds in Blues zone.
2:03 of 3rd period - Wrist shot by Riley Sheahan.
2:03 of 3rd period - Shot Misses the Net.
2:11 of 3rd period - Backhand shot by Robert Nilsson.
2:11 of 3rd period - Shot Misses the Net.
2:23 of 3rd period - Slapshot by Alex Pietrangelo.
2:23 of 3rd period - Shot Blocked by Sam Gagner.
2:30 of 3rd period - Penalty to Derick Brassard is over, Derick Brassard is back on ice.
2:51 of 3rd period - Wrist shot by David Perron.
2:51 of 3rd period - Goal by David Perron - Blues : 4 - Canucks : 4.
2:52 of 3rd period - Nicklas Backstrom wins face-off versus Robert Nilsson in neutral zone.
3:17 of 3rd period - Snap shot by Matt Martin.
3:17 of 3rd period - Stopped by Jonathan Quick with a rebound.
3:25 of 3rd period - Snap shot by Anthony Mantha.
3:25 of 3rd period - Shot Misses the Net.
3:46 of 3rd period - Wrist shot by Paul Stastny.
3:46 of 3rd period - Stopped by Joonas Korpisalo with a rebound.
4:08 of 3rd period - Samuel Morin is hit by Robert Nilsson and loses puck.
4:25 of 3rd period - Snap shot by Mike Lundin.
4:25 of 3rd period - Stopped by Joonas Korpisalo without a rebound.
4:26 of 3rd period - Peter Prucha wins face-off versus Matt Martin in Blues zone.
4:31 of 3rd period - Wrist shot by Maxim Talbot.
4:31 of 3rd period - Deflect By Auston Matthews.
4:31 of 3rd period - Shot Misses the Net.
4:31 of 3rd period - Puck is out of play.
4:32 of 3rd period - Nicklas Backstrom wins face-off versus Sam Gagner in Blues zone.
5:09 of 3rd period - Wrist shot by Derick Brassard.
5:09 of 3rd period - Stopped by Joonas Korpisalo without a rebound.
5:10 of 3rd period - Derick Brassard wins face-off versus Nicklas Backstrom in Blues zone.
5:15 of 3rd period - Snap shot by Jamie Benn.
5:15 of 3rd period - Shot Blocked by Jacob Slavin.
5:17 of 3rd period - Wrist shot by Jamie Benn.
5:17 of 3rd period - Shot Misses the Net.
5:19 of 3rd period - Wrist shot by Jamie Benn.
5:19 of 3rd period - Stopped by Joonas Korpisalo with a rebound.
5:21 of 3rd period - Snap shot by Jamie Benn.
5:21 of 3rd period - Stopped by Joonas Korpisalo without a rebound.
5:22 of 3rd period - Nicklas Backstrom wins face-off versus Robert Nilsson in Blues zone.
5:22 of 3rd period - Nicklas Backstrom is hit by Robert Nilsson.
5:28 of 3rd period - Snap shot by Nicklas Backstrom.
5:28 of 3rd period - Shot Misses the Net.
6:19 of 3rd period - Slapshot by Alex Goligoski.
6:19 of 3rd period - Shot Misses the Net.
6:21 of 3rd period - Slapshot by Alex Goligoski.
6:21 of 3rd period - Stopped by Joonas Korpisalo without a rebound.
6:22 of 3rd period - Nicklas Backstrom wins face-off versus Robert Nilsson in Blues zone.
7:22 of 3rd period - Minor Penalty to Patrick Kaleta for Hooking.
7:23 of 3rd period - Tyler Johnson wins face-off versus Robert Nilsson in Blues zone.
8:59 of 3rd period - Tyler Myers is hit by Drew Shore and loses puck.
9:22 of 3rd period - Penalty to Patrick Kaleta is over, Patrick Kaleta is back on ice.
9:44 of 3rd period - Cody Eakin is hit by Auston Matthews and loses puck.
9:59 of 3rd period - Wrist shot by Maxim Talbot.
9:59 of 3rd period - Stopped by Joonas Korpisalo with a rebound.
11:56 of 3rd period - Nick Palmieri is hit by Drew Shore and loses puck.
12:14 of 3rd period - Cody Eakin is hit by Devin Shore and loses puck.
12:47 of 3rd period - Snap shot by Derick Brassard.
12:47 of 3rd period - Shot Misses the Net.
12:56 of 3rd period - Icing by Brandon Montour.
12:57 of 3rd period - Drew Shore wins face-off versus Robert Nilsson in Blues zone.
13:12 of 3rd period - David Perron is hit by Nick Palmieri and loses puck.
13:31 of 3rd period - Wrist shot by Nicklas Backstrom.
13:31 of 3rd period - Stopped by Jonathan Quick without a rebound.
13:32 of 3rd period - Robert Nilsson wins face-off versus Nicklas Backstrom in Canucks zone.
14:00 of 3rd period - Alex Pietrangelo is hit by Jamie Benn and loses puck.
14:09 of 3rd period - Slapshot by Ryan Murray.
14:09 of 3rd period - Deflect By Derick Brassard.
14:09 of 3rd period - Stopped by Jonathan Quick without a rebound.
14:10 of 3rd period - Drew Shore wins face-off versus Robert Nilsson in Canucks zone.
14:41 of 3rd period - Minor Penalty to Cody Ceci for Holding.
14:42 of 3rd period - Robert Nilsson wins face-off versus Drew Shore in Blues zone.
14:56 of 3rd period - Wrist shot by Nick Palmieri.
14:56 of 3rd period - Shot Misses the Net.
14:58 of 3rd period - Slapshot by Drew Doughty.
14:58 of 3rd period - Deflect By Sam Gagner.
14:58 of 3rd period - Stopped by Joonas Korpisalo without a rebound.
14:59 of 3rd period - Robert Nilsson wins face-off versus Drew Shore in Blues zone.
15:00 of 3rd period - Snap shot by Sam Gagner.
15:00 of 3rd period - Stopped by Joonas Korpisalo with a rebound.
15:21 of 3rd period - Off-side.
15:22 of 3rd period - Drew Shore wins face-off versus Derick Brassard in neutral zone.
15:30 of 3rd period - Slapshot by Drew Doughty.
15:30 of 3rd period - Stopped by Joonas Korpisalo without a rebound.
15:31 of 3rd period - Robert Nilsson wins face-off versus Tyler Johnson in Blues zone.
15:36 of 3rd period - Wrist shot by Nick Palmieri.
15:36 of 3rd period - Shot Misses the Net.
15:38 of 3rd period - Slapshot by Alex Goligoski.
15:38 of 3rd period - Goal by Alex Goligoski - Blues : 4 - Canucks : 5.
15:39 of 3rd period - Nicklas Backstrom wins face-off versus Nick Palmieri in neutral zone.
15:50 of 3rd period - Off-side.
15:51 of 3rd period - Robert Nilsson wins face-off versus Nicklas Backstrom in neutral zone.
15:54 of 3rd period - Tyler Johnson is hit by Sam Gagner and loses puck.
16:06 of 3rd period - Minor Penalty to Nick Palmieri for Holding.
16:07 of 3rd period - Robert Nilsson wins face-off versus Nicklas Backstrom in Canucks zone.
18:06 of 3rd period - Penalty to Nick Palmieri is over, Nick Palmieri is back on ice.
18:55 of 3rd period - Nicklas Backstrom is hit by Nick Palmieri.
19:18 of 3rd period - Wrist shot by Robert Nilsson.
19:18 of 3rd period - Shot Misses the Net.
19:26 of 3rd period - Blues, Joonas Korpisalo is pulled from the net.
19:36 of 3rd period - Slapshot by Alex Goligoski.
19:36 of 3rd period - Goal by Alex Goligoski - Blues : 4 - Canucks : 6.
19:36 of 3rd period - Joonas Korpisalo from Blues was sent back in the game.
19:37 of 3rd period - Paul Stastny wins face-off versus Samuel Morin in neutral zone.
Goals for this period are 1 for Blues vs 2 for Canucks.
Shots for this period are 6 for Blues vs 12 for Canucks.